 Dungeon Crawl Stone Soup version 0.32-a0-814-g0968bab981 (webtiles) character file.

Game seed: 8392197253568665787

415 mopl the Ruffian (level 7, -3/47 HPs)
             Began as a Djinni Shapeshifter on Mar 22, 2024.
             Slain by an ogre
             ... wielding a +0 giant spiked club
              (29 damage)
             ... on level 4 of the Dungeon.
             The game lasted 00:03:36 (2643 turns).

mopl the Ruffian (Djinni Shapeshifter)              Turns: 2643, Time: 00:03:37

Health: -3/47      AC:  8    Str: 15    XL:     7   Next: 15%
Gold:   212        EV:  6    Int: 18    God:
                   SH:  0    Dex: 12

rFire   + +          +
                       - Unarmed
rCold   x . .        (no shield)
rNeg    . . .        n - +0 chain mail
rPois   ∞            (helmet currently unavailable)
rElec   .            (cloak currently unavailable)
rCorr   .            (gloves currently unavailable)
SInv    .            (boots unavailable)
Will    .....        (no amulet) Stlth
                     j - ring "Qetyexar" {rF++ Int+6}
HPRegen 0.27/turn    (no ring)
MPRegen 0.00/turn

%: infuse magic (-4 HP)
@: beast-form, flying
A: beast (slay +2), flying, sickness immunity, fire resistance 2, cold
vulnerability 1, float, innate caster, HP casting, extra vitality 1
a: Begin Untransformation


You were on level 4 of the Dungeon.
You were a hulking beast.
You visited 1 branch of the dungeon, and saw 4 of its levels.

You collected 212 gold pieces.

Inventory:

Missiles
 v - 5 poisoned darts (quivered)
Armour
 b - a +0 cloak
 n - a +0 chain mail (worn)
Jewellery
 j - the ring "Qetyexar" (left hand) {rF++ Int+6}
   (You found it on level 4 of the Dungeon)

   [ring of intelligence]

   Int+6:     It affects your intelligence (+6).
   rF++:      It greatly protects you from fire.
Talismans
 c - a beast talisman (active)
 d - a flux talisman
Scrolls
 a - a scroll of enchant weapon {unknown}
 i - a scroll of torment {unknown}
 o - a scroll of teleportation {unknown}
 q - 2 scrolls of fear {unknown}
 u - a scroll of silence {unknown}
 w - 2 scrolls of vulnerability {unknown}
Potions
 e - 2 potions of curing
 f - a potion of attraction
 g - a potion of berserk rage {!q}
 h - a potion of enlightenment
 k - 2 potions of degeneration {unknown}
 l - a potion of mutation {unknown}
 m - a potion of magic {unknown}
 p - a potion of resistance {unknown}
 r - a potion of lignification {!q}
 s - a potion of heal wounds {unknown}
 t - 3 potions of invisibility {unknown}


   Skills:
 - Level 1.0 Fighting
 - Level 2.1 Dodging
 * Level 5.7 Unarmed Combat
 * Level 4.8 Shapeshifting


You knew the following spells:

 Your Spells              Type           Power      Damage    Failure   Level
a - Magic Dart            Conj           0%         1d3       98%         1
b - Blink                 Tloc           0%         N/A       99%         2
c - Lesser Beckoning      Tloc           0%         N/A       99%         2
Your spell library was empty.

Dungeon Overview and Level Annotations

Branches:
Dungeon (4/15)
 Temple: D:4-7

Altars:
Ashenzari

Shops:
D:3 :


Innate Abilities, Weirdness & Mutations

You are a hulking beast.
Your limbs bulge with bestial killing power. (Slay +2)
You are flying.
You are immune to sickness and miasma.
You are immune to poison.
Your flesh is very heat resistant. (rF++)
You are vulnerable to cold. (rC-)
You float through the air rather than walking.
You learn spells naturally, not from books.
Your magical power is your life essence.
You have superior vitality. (+4 MHP)


Message History

j - the ring "Qetyexar" {rF++ Int+6} You feel clever.
j - the ring "Qetyexar" (left hand) {rF++ Int+6}
w - a scroll labelled TEROTA IFRO You see here a book of Chaos.
w - 2 scrolls labelled TEROTA IFRO (gained 1)
A hound comes into view.
The hound barks!
A hound is nearby!
You punch the hound!
The hound is heavily wounded.
The hound bites you but does no damage.
You punch the hound!
You kill the hound!
No target in view!
No target in view!
No target in view!
No target in view!
No target in view!
No target in view!
You see here a hound corpse.
An ogre comes into view. It is wielding a +0 giant spiked club.
The ogre shouts!
You hear an angry hiss.
An adder comes into view.
The ogre moves out of view.
An adder is nearby!
The adder bites you.
You hit the ogre.
The ogre is lightly wounded.
The adder bites you but does no damage.
The ogre hits you with a +0 giant spiked club!!
You punch the ogre!
The ogre is moderately wounded.
The adder completely misses you.
You punch the ogre!
The ogre is severely wounded.
The adder bites you but does no damage.
The ogre hits you with a +0 giant spiked club!!
Ouch! That really hurt!
You die...

♣♣♣ ♣..
♣♣♣♣..♣ .....
♣...♣
♣OS.♣♣♣♣
♣♣♣♣h....♣
♣♣♣....♣♣♣♣.♣
♣♣♣...♣♣♣♣
♣♣♣♣....♣♣
♣♣♣.....♣♣♣
♣....♣♣♣♣
♣♣..♣♣♣ ♣.†♣♣
♣♣..♣♣♣♣


You could see an ogre and an adder.

Vanquished Creatures
  Sigmund (D:2)
  A scorpion (D:3)
  A bombardier beetle (D:3)
  A hound (D:4)
  Robin (D:2)
  4 gnolls
  An adder (D:4)
  3 ribbon worms
  An orc (D:3)
  4 ball pythons
  3 endoplasms
  5 giant cockroaches
  12 goblins
  8 hobgoblins
  4 jackals (D:2)
  A quokka (D:3)
  3 bats
  3 frilled lizards
  3 kobolds
  6 rats
66 creatures vanquished.

Notes
Turn   | Place    | Note
-------+----------+-------------------------------------------
     0 | D:1      | mopl the Djinni Shapeshifter began the quest for the Orb.
     0 | D:1      | Reached XP level 1. HP: 17/17 MP: 0/0
   208 | D:1      | Reached XP level 2. HP: 13/22 MP: 0/0
   441 | D:1      | Reached skill level 3 in Shapeshifting
   770 | D:2      | Found a broken altar of Ashenzari.
   793 | D:2      | Reached XP level 3. HP: 26/27 MP: 0/0
   793 | D:2      | Learned a level 1 spell: Magic Dart
   851 | D:2      | Noticed Robin
   865 | D:2      | Noticed Sigmund
   867 | D:2      | Killed Robin
   923 | D:2      | Killed Sigmund
   924 | D:2      | Reached skill level 4 in Unarmed Combat
   924 | D:2      | Reached skill level 4 in Shapeshifting
   924 | D:2      | Reached XP level 4. HP: 6/32 MP: 0/0
   924 | D:2      | Reached XP level 5. HP: 7/37 MP: 0/0
   924 | D:2      | Learned a level 2 spell: Blink
   924 | D:2      | Reached XP level 6. HP: 8/42 MP: 0/0
  1226 | D:2      | Reached skill level 5 in Unarmed Combat
  1254 | D:2      | You are sucked into a shaft and drop 1 floor!
  2003 | D:3      | Found Tietiomm's Book Emporium.
  2476 | D:3      | Reached XP level 7. HP: 46/47 MP: 0/0
  2476 | D:3      | Learned a level 2 spell: Lesser Beckoning
  2542 | D:4      | Identified the ring "Qetyexar" {rF++ Int+6}
  2643 | D:4      | Slain by an ogre

Illustrated notes

Levels and vault maps discovered:
D:1:      dpeg_arrival_three_smaller_balls, layout_basic, serial_forest,
          infiniplex_forest_clump_tiny, infiniplex_forest_clump_small,
          infiniplex_forest_end_2, infiniplex_forest_clump_medium,
          infiniplex_forest_lined_corner, infiniplex_forest_straight_2,
          minmay_tiny_reverse_x
D:2:      layout_basic, basic_altar, uniq_robin, uniq_sigmund
D:3:      layout_rooms, serial_shops, nicolae_book_shop_shelving
D:4:      kb_forest_paths, layout_basic, gammafunk_temple_overflow_elements,
          serial_bayou_ford_a, minmay_a_box_with_orc_wizards_in_it

Skill      XL: |  1  2  3  4  5  6 |
---------------+-------------------+-----
Shapeshifting  | 3 4 |  4.8
Unarmed Combat | 4 5 |  5.7
Fighting       | |  1.0
Dodging        | |  2.1

Action                     |  1- 3 |  4- 6 |  7- 9 || total
---------------------------+-------+-------+-------++-------
  Melee: Unarmed           |    93 |    90 |    14 ||   197
         Punch             |     2 |     5 |     2 ||     9
    Use: Potion            |     2 |       |       ||     2
         Scroll            |       |     4 |       ||     4
   Stab: Sleeping          |     1 |       |       ||     1
 Armour: Animal skin       |    25 |       |       ||    25
         Skin              |    32 |     2 |       ||    34
         Chain mail        |    11 |    62 |    11 ||    84
  Dodge: Dodged            |    27 |    21 |     6 ||    54

Table legend: (Time is in decaauts)
 A = Elapsed time spent in this place.
 B = Non-inter-level travel time spent in this place.
 C = Inter-level travel time spent in this place.
 D = Time resting spent in this place.
 E = Time spent auto-exploring this place.
 F = Levels seen in this place.
 G = Mean time per level.
                   A        B        C        D        E       F      G
               +--------+--------+--------+--------+--------+-----+--------+
         Total |   2627 |   2534 |     93 |    301 |   1636 |   4 |  656.8 |
       Dungeon |   2627 |   2534 |     93 |    301 |   1636 |   4 |  656.8 |
               +--------+--------+--------+--------+--------+-----+--------+

Top non-repeatable levels by time:
     D:2: 994 daAuts
     D:3: 700 daAuts
     D:1: 663 daAuts
     D:4: 268 daAuts
